AoeStats
← Gravlax

MegaRandom

509443684Analyzed
4v4 RM · 6d ago on Sep 26, 2026· 57m 54s· 8 players
Game mode
Random Map
Map size
Large (8 player)
Population
200
Speed
Normal
Resources
Standard
Victory
Conquest
Starting age
Dark Age
Ending age
Imperial Age
RankedLock teamsTeams togetherTeam positionsShared explorationLock speedFull tech treeHidden civsTurbo modeCheats
Victory
Defeat
🇹🇼 Wei · Taiwan
990
+16
🇩🇪 Britons · Germany
969
+17
🇨🇳 Poles · China
949
+18
🇵🇪 Maya · Peru
945
+18
🇨🇦 Khmer · Canada
1018
-44
🇸🇪 Spanish · Sweden
1005
-17
🇹🇷 Goths · Türkiye
981
-17
🇺🇸 Franks · United States
980
-17
aegilello
2:41 Loom
11:36 Feudal Age
18:49 Castle Age
17:10 Double-Bit Axe
18:49 Wheelbarrow
22:34 Bow Saw
28:01 Stone Mining
28:08 Gold Mining
33:30 Imperial Age
31:57 Hand Cart
31:28 Town Watch
33:21 Forging
33:22 Scale Barding Armor
34:40 Iron Casting
34:09 Husbandry
33:33 Cavalier
36:20 Paladin
39:13 Blast Furnace
38:35 Chain Barding Armor
38:38 Caravan
51:04 Plate Barding Armor
54:50 Hoardings
Gravlax
6:42 Loom
11:40 Feudal Age
21:51 Castle Age
19:51 Double-Bit Axe
32:15 Bow Saw
32:27 Gold Mining
42:38 Imperial Age
47:32 Elite Skirmisher
RESULTANTE İMPORTANTE
0:45 Loom
12:31 Feudal Age
13:30 Horse Collar
13:37 Double-Bit Axe
16:09 Wheelbarrow
20:14 Castle Age
21:57 Heavy Plow
24:06 Bow Saw
26:18 Hand Cart
29:08 Stone Mining
32:11 Imperial Age
31:23 Gold Mining
32:12 Stone Shaft Mining
32:51 Anarchy
33:33 Perfusion
34:33 Caravan
35:04 Coinage
35:31 Conscription
35:14 Town Watch
36:36 Two-Man Saw
36:08 Crop Rotation
37:33 Forging
37:23 Scale Mail Armor
39:13 Chain Mail Armor
40:37 Banking
40:18 Guilds
40:08 Pikeman
40:48 Squires
41:47 Iron Casting
44:15 Halberdier
GlennHysen
13:47 Feudal Age
14:11 Horse Collar
14:19 Double-Bit Axe
15:35 Wheelbarrow
18:30 Castle Age
19:50 Bow Saw
19:59 Hand Cart
29:32 Stone Mining
29:08 Light Cavalry
29:59 Bloodlines
30:11 Scale Barding Armor
30:58 Padded Archer Armor
30:50 Fletching
34:13 Imperial Age
31:29 Town Watch
32:42 Scale Mail Armor
32:52 Forging
32:04 Pikeman
32:30 Arson
32:48 Squires
34:43 Leather Archer Armor
34:23 Bodkin Arrow
34:46 Chain Mail Armor
35:06 Iron Casting
36:16 Heavy Plow
36:55 Conscription
36:35 Bodkin Arrow
36:13 Elite Skirmisher
39:07 Ballistics
39:47 Chemistry
38:36 Halberdier
39:16 Gold Mining
39:53 Elite Conquistador
41:07 Leather Archer Armor
40:52 Bracer
41:28 Iron Casting
42:09 Elite Cannon Galleon
43:41 Stone Shaft Mining
43:39 Plate Mail Armor
44:09 Blast Furnace
44:24 Cavalier
45:05 Husbandry
47:51 Paladin
55:43 Chain Barding Armor
56:24 Blast Furnace
Guli
0:38 Loom
11:34 Feudal Age
12:01 Horse Collar
12:09 Double-Bit Axe
19:13 Fletching
20:05 Gold Mining
23:29 Castle Age
23:40 Padded Archer Armor
23:35 Crossbowman
24:12 Bodkin Arrow
25:33 Heavy Plow
25:46 Bow Saw
28:30 Wheelbarrow
28:32 Stone Mining
30:51 Ballistics
30:57 Masonry
32:28 Leather Archer Armor
34:49 Imperial Age
32:35 Hand Cart
32:05 Town Watch
33:54 Stone Shaft Mining
35:56 Bracer
36:19 Conscription
36:49 Ring Archer Armor
38:02 Chemistry
37:32 Architecture
36:59 Murder Holes
39:49 Two-Man Saw
39:47 Town Patrol
40:01 Elite Plumed Archer
41:38 Crop Rotation
43:16 Thumb Ring
43:52 Hoardings
47:10 Guilds
47:01 Caravan
50:30 Treadmill Crane
Calli
13:01 Feudal Age
11:17 Loom
13:06 Feudal Age
16:30 Horse Collar
19:48 Double-Bit Axe
20:03 Gold Mining
20:03 Stone Mining
21:34 Fletching
21:47 Padded Archer Armor
26:08 Castle Age
26:16 Crossbowman
26:53 Bodkin Arrow
27:14 Leather Archer Armor
27:36 Pikeman
28:18 Squires
28:31 Heavy Plow
37:01 Imperial Age
35:07 Wheelbarrow
34:18 Town Watch
35:14 Ballistics
34:50 Murder Holes
36:42 Gold Shaft Mining
37:19 Caravan
37:47 Town Patrol
38:22 Elite Longbowman
39:23 Conscription
39:07 Bracer
38:40 Arbalester
41:39 Masonry
41:40 Fortified Wall
42:46 Ring Archer Armor
42:38 Warwolf
43:14 Hoardings
43:12 Bow Saw
43:24 Hand Cart
DangerWashington
0:48 Loom
13:51 Feudal Age
17:38 Castle Age
15:57 Horse Collar
17:36 Double-Bit Axe
18:04 Fletching
19:10 Wheelbarrow
20:29 Bow Saw
21:33 Forging
21:41 Gold Mining
22:49 Scale Barding Armor
26:50 Chain Barding Armor
27:03 Fishing Lines
28:28 Bloodlines
29:06 Husbandry
30:03 Bodkin Arrow
30:52 Ballistics
30:14 Treadmill Crane
30:28 Guard Tower
31:39 Iron Casting
31:05 Padded Archer Armor
32:11 Hand Cart
31:56 Town Watch
36:27 Leather Archer Armor
36:54 Gold Shaft Mining
39:45 Imperial Age
37:29 Light Cavalry
38:12 Tuntian
38:58 Heavy Plow
40:52 Conscription
40:58 Ming Guang Armor
41:15 Hoardings
40:39 Heavy Hei Guang Cavalry
47:04 Blast Furnace
50:25 Hussar
妍芸
14:43 Feudal Age
15:41 Double-Bit Axe
18:28 Castle Age
16:12 Horse Collar
16:19 Fishing Lines
20:12 Bow Saw
21:25 Coinage
22:03 Wheelbarrow
26:36 Hand Cart
28:31 Heavy Plow
31:35 Imperial Age
28:59 Loom
33:00 Banking
34:34 Gold Mining
34:35 Stone Mining
36:57 Scale Barding Armor
37:02 Forging
37:14 Conscription
37:42 Gillnets
38:37 Chain Barding Armor
37:39 Light Cavalry
38:30 Bloodlines
38:23 Winged Hussar
39:05 Husbandry
39:45 Iron Casting
42:23 Blast Furnace
41:46 Lechitic Legacy
54:02 Fletching
Connection lost

Rejoining the realm…

Still unreachable

The connection could not be restored.

Session expired

The server has moved on; the page needs a fresh start.